TOP OF THE 1ST |
Philadelphia Phillies batting - Pitching for Boston Red Sox : RHP Noah Syndergaard
|
Pitching: RHP Noah Syndergaard
|
|
Batting: LHB Leonys Martin
|
0-0: Called Strike 0-1: Ball 1-1: Ball 2-1: Ball 3-1: Base on Balls
|
Batting: SHB Ketel Marte
|
0-0: Foul Ball, location: 2F 0-1: SINGLE (Groundball, 2L) (infield hit) Leonys Martin to second
|
Batting: RHB Giancarlo Stanton
|
0-0: Swinging Strike 0-1: Ball 1-1: Called Strike 1-2: Ball 2-2: Ball 3-2: Grounds into double play, 6-4-3 (Groundball, 6) Leonys Martin to third
|
Batting: LHB Justin Bour
|
0-0: Ball 1-0: Ball 2-0: Ball 3-0: Base on Balls
|
Batting: RHB Todd Frazier
|
0-0: Ball 1-0: Ball Wild Pitch! Leonys Martin scores Justin Bour to second 2-0: Swinging Strike 2-1: Called Strike 2-2: Strikes out swinging
|
Top of the 1st over - 1 run, 1 hit, 0 errors, 1 left on base; Philadelphia 1 - Boston 0 |
BOTTOM OF THE 1ST |
Boston Red Sox batting - Pitching for Philadelphia Phillies : RHP Doug Fister
|
Pitching: RHP Doug Fister
|
|
Batting: RHB Eduardo Nunez
|
0-0: Ball 1-0: Ball 2-0: Ground out 6-3 (Groundball, 6)
|
Batting: LHB Jackie Bradley Jr.
|
0-0: Ball 1-0: Called Strike 1-1: Ball 2-1: Ground out U3 (Groundball, 3)
|
Batting: LHB Brock Holt
|
0-0: Swinging Strike 0-1: Foul Ball, location: 2F 0-2: Strikes out swinging
|
Bottom of the 1st over - 0 runs, 0 hits, 0 errors, 0 left on base; Philadelphia 1 - Boston 0 |
TOP OF THE 2ND |
Philadelphia Phillies batting - Pitching for Boston Red Sox : RHP Noah Syndergaard
|
Batting: LHB Kole Calhoun
|
0-0: Ball 1-0: Fly out, F9 (Flyball, 9S)
|
Batting: RHB Russell Martin
|
0-0: Swinging Strike 0-1: Foul Ball, location: 2F 0-2: Foul Ball, location: 2F 0-2: Ball 1-2: Strikes out swinging
|
Batting: RHB Jesus Aguilar
|
0-0: Called Strike 0-1: Ground out 6-3 (Groundball, 6)
|
Top of the 2nd over - 0 runs, 0 hits, 0 errors, 0 left on base; Philadelphia 1 - Boston 0 |
BOTTOM OF THE 2ND |
Boston Red Sox batting - Pitching for Philadelphia Phillies : RHP Doug Fister
|
Batting: RHB Yasiel Puig
|
0-0: Ground out 6-3 (Groundball, 6)
|
Batting: LHB Matt Adams
|
0-0: Fly out, F5 (Line Drive, 5)
|
Batting: SHB Yangervis Solarte
|
0-0: Called Strike 0-1: Ball 1-1: Swinging Strike 1-2: Ball 2-2: Ball 3-2: Base on Balls
|
Batting: LHB Derek Dietrich
|
0-0: Ball 1-0: Foul Ball, location: 2F 1-1: Swinging Strike 1-2: SINGLE (Line Drive, 6D) Yangervis Solarte to second
|
Batting: RHB Travis d'Arnaud
|
0-0: Ball 1-0: Fly out, F7 (Flyball, 78S)
|
Bottom of the 2nd over - 0 runs, 1 hit, 0 errors, 2 left on base; Philadelphia 1 - Boston 0 |
TOP OF THE 3RD |
Philadelphia Phillies batting - Pitching for Boston Red Sox : RHP Noah Syndergaard
|
Batting: RHB Amed Rosario
|
0-0: SINGLE (Line Drive, 8RS)
|
Batting: LHB Leonys Martin
|
0-0: Ball 1-0: Ball 2-0: DOUBLE (Groundball, 3L) Amed Rosario to third
|
Batting: SHB Ketel Marte
|
0-0: Swinging Strike 0-1: Fly out, F8 (Flyball, 8LM) Runner from 3rd tags up, SCORES, no throw by CF
|
Batting: RHB Giancarlo Stanton
|
0-0: Ball 1-0: Swinging Strike 1-1: Swinging Strike 1-2: Strikes out swinging
|
Batting: LHB Justin Bour
|
0-0: Foul Ball, location: 2F 0-1: Swinging Strike 0-2: Ball 1-2: Ground out 3-1 (Groundball, 34S)
|
Top of the 3rd over - 1 run, 2 hits, 0 errors, 1 left on base; Philadelphia 2 - Boston 0 |
BOTTOM OF THE 3RD |
Boston Red Sox batting - Pitching for Philadelphia Phillies : RHP Doug Fister
|
Batting: RHB Jett Bandy
|
0-0: Ground out 5-3 (Groundball, 56)
|
Batting: RHB Eduardo Nunez
|
0-0: Foul Ball, location: 2F 0-1: Ball 1-1: Ball 2-1: Foul Ball, location: 2F 2-2: Ball 3-2: Foul Ball, location: 2F 3-2: Fly out, F7 (Line Drive, 7)
|
Batting: LHB Jackie Bradley Jr.
|
0-0: Called Strike 0-1: Ball 1-1: Fly out, F8 (Flyball, 78M)
|
Bottom of the 3rd over - 0 runs, 0 hits, 0 errors, 0 left on base; Philadelphia 2 - Boston 0 |
TOP OF THE 4TH |
Philadelphia Phillies batting - Pitching for Boston Red Sox : RHP Noah Syndergaard
|
Batting: RHB Todd Frazier
|
0-0: Ball 1-0: Called Strike 1-1: Ball 2-1: Ground out 6-3 (Groundball, 6)
|
Batting: LHB Kole Calhoun
|
0-0: Ball 1-0: Called Strike 1-1: Called Strike 1-2: Strikes out swinging, 2-3 out at first.
|
Batting: RHB Russell Martin
|
0-0: Swinging Strike 0-1: Ball 1-1: Ball 2-1: Ball 3-1: Swinging Strike 3-2: SOLO HOME RUN (Flyball, 7D), Distance : 372 ft
|
Batting: RHB Jesus Aguilar
|
0-0: Ball 1-0: Swinging Strike 1-1: Foul Ball, location: 2F 1-2: Ball 2-2: Strikes out swinging
|
Top of the 4th over - 1 run, 1 hit, 0 errors, 0 left on base; Philadelphia 3 - Boston 0 |
BOTTOM OF THE 4TH |
Boston Red Sox batting - Pitching for Philadelphia Phillies : RHP Doug Fister
|
Batting: LHB Brock Holt
|
0-0: Called Strike 0-1: Ball 1-1: Swinging Strike 1-2: Foul Ball, location: 2F 1-2: Fly out, F9 (Flyball, 9S)
|
Batting: RHB Yasiel Puig
|
0-0: Called Strike 0-1: Foul Ball, location: 2F 0-2: Ball 1-2: Foul Ball, location: 2F 1-2: Ball 2-2: Foul Ball, location: 2F 2-2: Foul Ball, location: 2F 2-2: Ball 3-2: Foul Ball, location: 2F 3-2: Fly out, F9 (Flyball, 9D)
|
Batting: LHB Matt Adams
|
0-0: Called Strike 0-1: Foul Ball, location: 2F 0-2: Ball 1-2: Foul Ball, location: 2F 1-2: Foul Ball, location: 2F 1-2: Ball 2-2: DOUBLE (Line Drive, 89XD)
|
Batting: SHB Yangervis Solarte
|
0-0: Ball 1-0: Foul Ball, location: 2F 1-1: Ball 2-1: Ball 3-1: SINGLE (Flyball, 89S) Matt Adams to third Runner from 3rd tries for Home, SAFE, throw by RF to home Yangervis Solarte to second
|
Batting: LHB Derek Dietrich
|
0-0: Foul Ball, location: 2F 0-1: Fly out, F7 (Line Drive, 7D)
|
Bottom of the 4th over - 1 run, 2 hits, 0 errors, 1 left on base; Philadelphia 3 - Boston 1 |
TOP OF THE 5TH |
Philadelphia Phillies batting - Pitching for Boston Red Sox : RHP Noah Syndergaard
|
Batting: RHB Amed Rosario
|
0-0: Called Strike 0-1: Swinging Strike 0-2: Ball 1-2: Ball 2-2: Foul Ball, location: 2F 2-2: Strikes out swinging
|
Batting: LHB Leonys Martin
|
0-0: Ball 1-0: Ground out 3-1 (Groundball, 34S)
|
Batting: SHB Ketel Marte
|
0-0: Ground out 3-1 (Groundball, 34)
|
Top of the 5th over - 0 runs, 0 hits, 0 errors, 0 left on base; Philadelphia 3 - Boston 1 |
BOTTOM OF THE 5TH |
Boston Red Sox batting - Pitching for Philadelphia Phillies : RHP Doug Fister
|
Batting: RHB Travis d'Arnaud
|
0-0: Foul Ball, location: 2F 0-1: Swinging Strike 0-2: DOUBLE (Flyball, 9LD)
|
Batting: RHB Jett Bandy
|
0-0: Sac Bunt to 5S - play at first, batter OUT! 5-3 Travis d'Arnaud to third
|
Batting: RHB Eduardo Nunez
|
0-0: Fly out, F9 (Flyball, 9) Runner from 3rd tags up, SCORES, throw by RF
|
Batting: LHB Jackie Bradley Jr.
|
0-0: Called Strike 0-1: Called Strike 0-2: Fly out, F8 (Line Drive, 8LD)
|
Bottom of the 5th over - 1 run, 1 hit, 0 errors, 0 left on base; Philadelphia 3 - Boston 2 |
TOP OF THE 6TH |
Philadelphia Phillies batting - Pitching for Boston Red Sox : RHP Noah Syndergaard
|
Batting: RHB Giancarlo Stanton
|
0-0: Fly out, F3 (Line Drive, 3)
|
Batting: LHB Justin Bour
|
0-0: Called Strike 0-1: Ball 1-1: Reached on error, E3 (Groundball, 34S)
|
Batting: RHB Todd Frazier
|
0-0: Ball 1-0: Called Strike 1-1: Ball 2-1: Fly out, F8 (Line Drive, 8RD)
|
Batting: LHB Kole Calhoun
|
0-0: Ball 1-0: Foul Ball, location: 2F 1-1: Ground out U3 (Groundball, 3)
|
Top of the 6th over - 0 runs, 0 hits, 1 error, 1 left on base; Philadelphia 3 - Boston 2 |
BOTTOM OF THE 6TH |
Boston Red Sox batting - Pitching for Philadelphia Phillies : RHP Doug Fister
|
Pitching: RHP Seung-hwan Oh
|
|
Batting: LHB Brock Holt
|
0-0: Swinging Strike 0-1: Called Strike 0-2: SINGLE (Line Drive, 7S)
|
Batting: RHB Yasiel Puig
|
0-0: Ball 1-0: Ball 2-0: Ball 3-0: Called Strike 3-1: Grounds into double play, 6-4-3 (Groundball, 6)
|
Batting: LHB Matt Adams
|
0-0: Fly out, F8 (Flyball, 8RXD)
|
Bottom of the 6th over - 0 runs, 1 hit, 0 errors, 0 left on base; Philadelphia 3 - Boston 2 |
TOP OF THE 7TH |
Philadelphia Phillies batting - Pitching for Boston Red Sox : RHP Noah Syndergaard
|
Batting: RHB Russell Martin
|
0-0: Ball 1-0: Ball 2-0: Ball 3-0: Called Strike 3-1: Foul Ball, location: 2F 3-2: Foul Ball, location: 2F 3-2: Foul Ball, location: 2F 3-2: Base on Balls
|
Batting: RHB Jesus Aguilar
|
0-0: Called Strike 0-1: Foul Ball, location: 2F 0-2: Grounds into double play, 2-6-3 (Groundball, 13S)
|
Batting: RHB Amed Rosario
|
0-0: Ball 1-0: Foul Ball, location: 2F 1-1: Ball 2-1: Foul Ball, location: 2F 2-2: Strikes out swinging
|
Top of the 7th over - 0 runs, 0 hits, 0 errors, 0 left on base; Philadelphia 3 - Boston 2 |
BOTTOM OF THE 7TH |
Boston Red Sox batting - Pitching for Philadelphia Phillies : RHP Seung-hwan Oh
|
Batting: SHB Yangervis Solarte
|
0-0: Called Strike 0-1: Swinging Strike 0-2: Ball 1-2: Ground out 3-1 (Groundball, 34)
|
Batting: LHB Derek Dietrich
|
0-0: Ground out 2-3 (Groundball, 2R)
|
Batting: RHB Travis d'Arnaud
|
0-0: Fly out, F9 (Flyball, 9)
|
Bottom of the 7th over - 0 runs, 0 hits, 0 errors, 0 left on base; Philadelphia 3 - Boston 2 |
TOP OF THE 8TH |
Philadelphia Phillies batting - Pitching for Boston Red Sox : RHP Noah Syndergaard
|
Pitching: RHP Nick Vincent
|
|
Batting: LHB Leonys Martin
|
0-0: Called Strike 0-1: Called Strike 0-2: Strikes out swinging
|
Batting: SHB Ketel Marte
|
0-0: Ball 1-0: Ball 2-0: DOUBLE (Line Drive, 78M)
|
Batting: RHB Giancarlo Stanton
|
0-0: Ball 1-0: Ball 2-0: Called Strike 2-1: Foul Ball, location: 2F 2-2: Ball 3-2: SINGLE (Line Drive, 89S) Ketel Marte to third
|
Pitching: RHP Oliver Drake
|
|
Batting: LHB Justin Bour
|
0-0: Ball 1-0: Fly out, F8 (Flyball, 8RM) Runner from 3rd tags up, SCORES, throw by CF
|
Batting: RHB Todd Frazier
|
0-0: Ball 1-0: Ball 2-0: Ball 3-0: Called Strike 3-1: Foul Ball, location: 2F 3-2: Strikes out swinging
|
Top of the 8th over - 1 run, 2 hits, 0 errors, 1 left on base; Philadelphia 4 - Boston 2 |
BOTTOM OF THE 8TH |
Boston Red Sox batting - Pitching for Philadelphia Phillies : RHP Seung-hwan Oh
|
Pitching: LHP Alex Claudio
|
|
Batting: RHB Jett Bandy
|
0-0: Called Strike 0-1: Ball 1-1: SINGLE (Groundball, 56D)
|
Batting: RHB Eduardo Nunez
|
0-0: Ball 1-0: Called Strike 1-1: Ball 2-1: Grounds into double play, 5-4-3 (Groundball, 56S)
|
Batting: LHB Jackie Bradley Jr.
|
0-0: Called Strike 0-1: Called Strike 0-2: Ball 1-2: Strikes out swinging
|
Bottom of the 8th over - 0 runs, 1 hit, 0 errors, 0 left on base; Philadelphia 4 - Boston 2 |
TOP OF THE 9TH |
Philadelphia Phillies batting - Pitching for Boston Red Sox : RHP Oliver Drake
|
Batting: LHB Kole Calhoun
|
0-0: Foul Ball, location: 2F 0-1: Called Strike 0-2: Ball 1-2: Strikes out looking
|
Batting: RHB Russell Martin
|
0-0: Ball 1-0: Called Strike 1-1: Fly out, F9 (Flyball, 9D)
|
Batting: RHB Jesus Aguilar
|
0-0: Ball 1-0: Foul Ball, location: 2F 1-1: Foul Ball, location: 2F 1-2: Ball 2-2: Strikes out swinging, 2-3 out at first.
|
Top of the 9th over - 0 runs, 0 hits, 0 errors, 0 left on base; Philadelphia 4 - Boston 2 |
BOTTOM OF THE 9TH |
Boston Red Sox batting - Pitching for Philadelphia Phillies : LHP Alex Claudio
|
Pitching: RHP Kenley Jansen
|
|
Batting: LHB Brock Holt
|
0-0: Ball 1-0: Fly out, F8 (Flyball, 8RD)
|
Batting: RHB Yasiel Puig
|
0-0: Called Strike 0-1: Called Strike 0-2: Ball 1-2: Ball 2-2: Ball 3-2: Base on Balls
|
Batting: LHB Matt Adams
|
0-0: Ball 1-0: Foul Ball, location: 2F 1-1: Ball 2-1: Called Strike 2-2: Fly out, F3 (Line Drive, 3)
|
Batting: SHB Yangervis Solarte
|
0-0: Fly out, F9 (Line Drive, 9D)
|
Bottom of the 9th over - 0 runs, 0 hits, 0 errors, 1 left on base; Philadelphia 4 - Boston 2 |
|